[Event "fics rated crazyhouse match"]
[Site "fics, Oklahoma City, OK USA"]
[Date "2000.11.30"]
[White "LINDEGREN"]
[WhiteElo "2296"]
[Black "Bugzilla"]
[BlackElo "2262"]
[TimeControl "60+0"]
[Result "1-0"]

1. e4 Nf6 2. Nc3 d5 3. exd5 Nxd5 4. d4 e6 5. Nxd5 exd5 6. Nf3 
Nc6 7. Bb5 Bg4 8. Qe2+ P@e4 9. N@e5 Bb4+ 10. c3 Bxf3 11. gxf3 N@g2+ 
12. Kd1 N@f4 13. Bxf4 Nxf4 14. Qd2 Nd3 15. N@h5 O-O 16. Bxc6 Nxe5 17. dxe5 
exf3 18. N@f6+ Kh8 19. P@h6 B@e2+ 20. Kc1 Rg8 21. hxg7+ Rxg7 22. B@h6 N@d3+ 
23. Kb1 Bf8 24. Bxg7+ Bxg7 25. Nxg7 P@g2 26. Rc1 Nxc1 27. Nf5 P@g7 28. N@h6 
g1=Q 29. Nxf7# 
{Bugzilla checkmated} 1-0

[Event "fics rated crazyhouse match"]
[Site "fics, Oklahoma City, OK USA"]
[Date "2000.11.30"]
[White "Bugzilla"]
[WhiteElo "2255"]
[Black "LINDEGREN"]
[BlackElo "2303"]
[TimeControl "60+0"]
[Result "0-1"]

1. e4 Nf6 2. Nc3 Nc6 3. d4 d5 4. exd5 Nxd5 5. Nf3 e6 6. Bd3 
Bb4 7. Bd2 P@a3 8. Nxd5 Bxd2+ 9. Qxd2 axb2 10. Rd1 exd5 11. N@h5 Qe7+ 
12. P@e5 f6 13. Nxg7+ Qxg7 14. exf6 Qxf6 15. P@e5 Qe6 16. P@f5 Qf7 17. Ng5 
Qf8 18. B@f7+ Kd8 19. f6 B@c1 20. Rxc1 P@c3 21. Qe3 bxc1=Q+ 22. Qxc1 P@d2+ 
23. Qxd2 cxd2+ 24. Kxd2 Qb4+ 25. B@c3 Qxc3+ 26. Ke3 Q@d2+ 27. Kf3 R@f4+ 28. Kg3 
Qxf2# 
{Bugzilla checkmated} 0-1

[Event "fics rated crazyhouse match"]
[Site "fics, Oklahoma City, OK USA"]
[Date "2000.11.30"]
[White "LINDEGREN"]
[WhiteElo "2310"]
[Black "Bugzilla"]
[BlackElo "2248"]
[TimeControl "60+0"]
[Result "0-1"]

1. e4 Nf6 2. Nc3 Nc6 3. d4 d5 4. exd5 Nxd5 5. Nf3 e6 6. Bb5 
Bb4 7. Bd2 P@a3 8. Nxd5 Bxd2+ 9. Qxd2 axb2 10. Rd1 exd5 11. Qe3+ P@e4 
12. N@h5 Rg8 13. O-O N@f5 14. Qf4 Kf8 15. Ne5 Nxe5 16. Qxe5 B@f6 17. P@e7+ 
Nxe7 18. Nxf6 gxf6 19. Qxf6 P@g7 20. Qh4 N@f5 21. Qxh7 N@g5 22. Qh5 Ng6 
23. P@h7 Rh8 24. B@a3+ Nfe7 25. P@f6 gxf6 26. B@h6+ P@g7 27. Bxg5 fxg5 28. N@f6 
gxf6 29. N@f5 B@g7 30. Nxg7 N@f4 31. Qf3 Kxg7 32. Qe3 Nf5 33. B@h6+ Kxh6 
34. Qxf4 gxf4 35. N@g4+ Kxh7 36. Nxf6+ Qxf6 37. Kh1 N@f3 38. P@h5 Q@g1# 
{LINDEGREN forfeits on time} 0-1

[Event "fics rated crazyhouse match"]
[Site "fics, Oklahoma City, OK USA"]
[Date "2000.11.30"]
[White "Bugzilla"]
[WhiteElo "2257"]
[Black "LINDEGREN"]
[BlackElo "2301"]
[TimeControl "60+0"]
[Result "0-1"]

1. e4 Nf6 2. Nc3 Nc6 3. d4 d5 4. exd5 Nxd5 5. Nf3 e6 6. Bd3 
Bb4 7. Bd2 Bxc3 8. bxc3 Qe7 9. O-O N@f4 10. P@g3 Nxd3 11. cxd3 B@g4 
12. B@e2 Bxf3 13. Bxf3 N@b2 14. Qc2 Nxd3 15. Qxd3 O-O 16. N@h5 f5 17. Bxd5 
exd5 18. B@g5 P@f6 19. Bgf4 B@e4 20. Qe3 Be6 21. Nxg7 Bxg2 22. Nxe6 Be4 
23. N@h6+ Kh8 24. P@g7+ Qxg7 25. Nxg7 P@g2 26. Rfe1 Rae8 27. Nh5 Re7 28. B@e5 
fxe5 29. Bxe5+ Nxe5 30. dxe5 B@g6 31. P@f6 Bxh5 32. fxe7 N@h3# 
{Bugzilla checkmated} 0-1

[Event "fics rated crazyhouse match"]
[Site "fics, Oklahoma City, OK USA"]
[Date "2000.11.30"]
[White "LINDEGREN"]
[WhiteElo "2308"]
[Black "Bugzilla"]
[BlackElo "2250"]
[TimeControl "60+0"]
[Result "0-1"]

1. e4 Nf6 2. Nc3 Nc6 3. d4 e5 4. dxe5 Nxe5 5. Nf3 Nxf3+ 6. gxf3 
d6 7. Rg1 c6 8. N@f5 Bxf5 9. exf5 Qa5 10. Qe2+ P@e5 11. P@e6 N@d4 
12. exf7+ Kxf7 13. B@e6+ Ke7 14. Qd3 N@c5 15. Bd2 Nxd3+ 16. Bxd3 Nxf3+ 17. Ke2 
Nd4+ 18. Kd1 P@f3 19. P@g5 P@e2+ 20. Nxe2 fxe2+ 21. Bxe2 Qxd2+ 22. Kxd2 N@f3+ 
23. Kc1 Nxe2+ 24. Kd1 Q@d2# 
{LINDEGREN checkmated} 0-1

[Event "fics rated crazyhouse match"]
[Site "fics, Oklahoma City, OK USA"]
[Date "2000.11.30"]
[White "BarryWhite"]
[WhiteElo "2440"]
[Black "VampireGod"]
[BlackElo "2234"]
[TimeControl "120+0"]
[Result "1-0"]

1. e4 e6 2. d4 Nc6 3. Nc3 Bb4 4. Nf3 Nf6 5. Bd3 d5 6. exd5 
exd5 7. Qe2+ P@e4 8. P@g5 Ng4 9. Bxe4 dxe4 10. Qxe4+ Be6 11. O-O Bxc3 
12. bxc3 B@d5 13. Qe2 Bxf3 14. Qxf3 N@h4 15. Qe2 Nxg2 16. B@g3 P@h4 17. Kxg2 
hxg3 18. fxg3 B@h3+ 19. Kg1 Bxf1 20. Qxf1 Bd5 21. B@g2 N@h3+ 22. Kh1 R@g1+ 
23. Qxg1 Ngf2+ 24. Qxf2 Nxf2+ 25. Kg1 Bxg2 26. R@e2+ Ne4 27. Kxg2 B@d5 28. B@f3 
O-O 29. B@g4 Nxg5 30. P@e4 Nxf3 31. Bxf3 P@h3+ 32. Kxh3 Q@f1+ 33. P@g2 Be6+ 
34. P@f5 Qxe2 35. Bxe2 R@h5+ 36. Bxh5 Bxf5+ 37. exf5 P@g4+ 38. Kxg4 B@g5 39. B@f6 
Ne5+ 40. Bxe5 h6 41. N@g6 Qf6 42. R@h8# 
{VampireGod checkmated} 1-0

[Event "fics rated crazyhouse match"]
[Site "fics, Oklahoma City, OK USA"]
[Date "2000.11.30"]
[White "VampireGod"]
[WhiteElo "2230"]
[Black "BarryWhite"]
[BlackElo "2444"]
[TimeControl "120+0"]
[Result "0-1"]

1. e4 e6 2. d4 d5 3. exd5 exd5 4. Nf3 Nf6 5. Bg5 Be7 6. Bb5+ 
Nc6 7. O-O Bd7 8. Re1 P@e4 9. Bxc6 bxc6 10. Ne5 B@g6 11. Nxd7 Nxd7 
12. Bxe7 Qxe7 13. B@g3 Nf6 14. B@g5 B@h5 15. P@f3 h6 16. Bxf6 Qxf6 17. Bxc7 
O-O 18. P@e5 Qg5 19. N@h3 Qh4 20. Nd2 exf3 21. Nxf3 Bxf3 22. Qxf3 B@g4 
23. Qg3 Qxg3 24. hxg3 Bxh3 25. N@e7+ Kh7 26. B@h1 P@h2+ 27. Kxh2 N@g4+ 28. Kxh3 
Nxf2+ 29. Kh2 Ng4+ 30. Kh3 N@f2+ 31. Kh4 Q@g5# 
{VampireGod checkmated} 0-1

[Event "fics rated crazyhouse match"]
[Site "fics, Oklahoma City, OK USA"]
[Date "2000.11.30"]
[White "BarryWhite"]
[WhiteElo "2448"]
[Black "VampireGod"]
[BlackElo "2226"]
[TimeControl "120+0"]
[Result "1-0"]

1. e4 e5 2. Nf3 Nc6 3. Bc4 Bc5 4. Nc3 Nf6 5. O-O d6 6. d3 
Nd4 7. Nxd4 Bxd4 8. Be3 Be6 9. Bxe6 fxe6 10. B@h3 Qe7 11. N@g5 B@d7 
12. Ne2 Bxb2 13. Rb1 N@c3 14. Nxc3 Bxc3 15. Nxe6 Bxe6 16. Bxe6 Qxe6 17. B@f5 
Qe7 18. Rxb7 P@e6 19. Bxe6 Qxe6 20. P@f5 Qe7 21. P@g5 Nd7 22. N@d5 Qd8 
23. Nxc7+ Qxc7 24. Rxc7 B@a5 25. Rxd7 Kxd7 26. P@e6+ Kc7 27. Q@d7+ Kb8 28. N@c6# 
{VampireGod checkmated} 1-0

[Event "fics rated crazyhouse match"]
[Site "fics, Oklahoma City, OK USA"]
[Date "2000.11.30"]
[White "VampireGod"]
[WhiteElo "2222"]
[Black "BarryWhite"]
[BlackElo "2452"]
[TimeControl "120+0"]
[Result "0-1"]

1. e4 e6 2. d4 d5 3. exd5 exd5 4. Nc3 Nc6 5. Bb5 Bb4 6. Nf3 
Qe7+ 7. P@e5 Bxc3+ 8. bxc3 Nf6 9. Qe2 Ne4 10. B@d2 O-O 11. Bxc6 bxc6 
12. Ng5 B@g6 13. f3 f6 14. fxe4 dxe4 15. exf6 Rxf6 16. N@e5 P@f3 17. gxf3 
exf3 18. Ngxf3 P@g4 19. Ng5 N@f3+ 20. Kd1 P@b2 21. Bxb2 Nxd2 22. P@f7+ Bxf7 
23. Ngxf7 Rxf7 24. P@g6 hxg6 25. Qxd2 B@f3+ 26. Kc1 P@a3 27. Bxa3 Qxa3+ 28. P@b2 
P@e3 29. Qxe3 B@f4 30. Qxf4 Rxf4 31. bxa3 P@b2+ 32. Kd2 Q@e2# 
{VampireGod checkmated} 0-1

[Event "fics rated crazyhouse match"]
[Site "fics, Oklahoma City, OK USA"]
[Date "2000.11.30"]
[White "BarryWhite"]
[WhiteElo "2455"]
[Black "VampireGod"]
[BlackElo "2219"]
[TimeControl "120+0"]
[Result "1-0"]

1. e4 e6 2. d4 Nc6 3. Nf3 Nf6 4. Bd3 d6 5. O-O Be7 6. Nc3 
O-O 7. Be3 e5 8. d5 Nb8 9. Ng5 c6 10. dxc6 bxc6 11. P@f5 P@d4 
12. Ne2 dxe3 13. fxe3 B@h5 14. Qe1 d5 15. Ng3 dxe4 16. N5xe4 Nxe4 17. Bxe4 
P@e2 18. Nxh5 exf1=Q+ 19. Qxf1 R@g5 20. Bf3 N@d2 21. Qf2 Nxf3+ 22. Qxf3 Bxf5 
23. Nxg7 Rxg7 24. B@h6 B@e4 25. Bxg7 Bxf3 26. N@h6+ Kxg7 27. Nxf5+ Kf6 28. B@h4+ 
P@g5 29. gxf3 N@h3+ 30. Kh1 Kxf5 31. B@g4+ Kf6 32. N@h5+ Kg6 33. Bxh3 B@h8 
34. P@f5+ Kh6 35. N@g4+ Kxh5 36. R@h6# 
{VampireGod checkmated} 1-0

[Event "fics rated crazyhouse match"]
[Site "fics, Oklahoma City, OK USA"]
[Date "2000.11.30"]
[White "Bugzilla"]
[WhiteElo "2234"]
[Black "liveZ"]
[BlackElo "2321"]
[TimeControl "60+0"]
[Result "1-0"]

1. e4 e6 2. Nc3 Nc6 3. d4 Bb4 4. a3 Bxc3+ 5. bxc3 Nf6 6. e5 
Ne4 7. Qg4 Nxc3 8. Qxg7 N@g6 9. P@h5 Rf8 10. hxg6 fxg6 11. Bh6 P@d2+ 
12. Bxd2 P@b2 13. Rd1 Nxd1 14. B@h6 R@f7 15. Qxf7+ Rxf7 16. R@g8+ Q@f8 17. Bxf8 
Rxf8 18. Rxf8+ Kxf8 19. P@g7+ Kf7 20. R@f8+ Qxf8 21. gxf8=Q+ Kxf8 22. Q@h8+ B@g8 
23. Q@g7+ Ke8 24. Qhxg8# 
{liveZ resigns} 1-0

[Event "fics rated crazyhouse match"]
[Site "fics, Oklahoma City, OK USA"]
[Date "2000.11.30"]
[White "liveZ"]
[WhiteElo "2311"]
[Black "Bugzilla"]
[BlackElo "2244"]
[TimeControl "60+0"]
[Result "1-0"]

1. e4 Nf6 2. e5 Nc6 3. Nf3 d5 4. d4 Ne4 5. Bb5 Bg4 6. Bg5 
Nxg5 7. Nxg5 Bxd1 8. Kxd1 e6 9. h4 B@f4 10. B@d2 Bxd2 11. Nxd2 Q@b4 
12. Bxc6+ bxc6 13. B@c3 Qb5 14. Nxf7 B@e2+ 15. Ke1 Kxf7 16. N@g5+ Ke7 17. P@f6+ 
Kd7 18. fxg7 Bxg7 19. N@c5+ Kc8 20. P@b7+ Kb8 21. bxa8=Q+ Kxa8 22. Ngxe6 Bh5 
23. P@b7+ Qxb7 24. Nxb7 N@f4 25. R@g3 Qc8 26. Nxf4 Qxb7 27. Rxg7 Be2 28. N@c5 
Rb8 29. Nxe2 P@c4 30. B@a6 N@f4 31. Bxb7+ Rxb7 32. Q@c8+ B@b8 33. Qxb7# 
{Bugzilla checkmated} 1-0

[Event "fics rated crazyhouse match"]
[Site "fics, Oklahoma City, OK USA"]
[Date "2000.11.30"]
[White "Bugzilla"]
[WhiteElo "2238"]
[Black "liveZ"]
[BlackElo "2317"]
[TimeControl "60+0"]
[Result "0-1"]

1. e4 e6 2. Nc3 Nc6 3. Nf3 Bb4 4. d4 Nf6 5. e5 Nd5 6. Bd2 
Bxc3 7. bxc3 N@e4 8. Bd3 Nexc3 9. Bxc3 Nxc3 10. Qd2 P@e4 11. B@h4 exf3 
12. Bxd8 fxg2 13. Be4 Nxe4 14. Rg1 N@f3+ 15. Kd1 Nexd2 16. Bxc7 P@e2+ 17. Kc1 
B@a3+ 18. P@b2 Bxb2+ 19. Kxb2 Nc4+ 20. Kc3 Q@d2+ 21. Kxc4 Qxd4+ 22. Kb3 Qb4# 
{Bugzilla checkmated} 0-1

[Event "fics rated crazyhouse match"]
[Site "fics, Oklahoma City, OK USA"]
[Date "2000.11.30"]
[White "VABORIS"]
[WhiteElo "2318"]
[Black "Fudpucker"]
[BlackElo "2193"]
[TimeControl "60+0"]
[Result "0-1"]

1. e4 e6 2. d4 Nc6 3. Be3 Nf6 4. Bd3 d6 5. Nc3 Be7 6. Nf3 
O-O 7. e5 Nd5 8. Nxd5 exd5 9. Bxh7+ Kh8 10. Bd3 Bg4 11. P@h6 gxh6 
12. Bxh6 P@g7 13. Bxg7+ Kxg7 14. P@f6+ Bxf6 15. exf6+ Qxf6 16. B@g5 Qe6+ 17. P@e5 
dxe5 18. dxe5 Nxe5 19. P@f6+ Kg8 20. N@e7+ Kh8 21. O-O Nxf3+ 22. gxf3 N@h3+ 
23. Kh1 P@g2+ 24. Kxg2 N@f4+ 25. Bxf4 Nxf4+ 26. Kg1 Nh3+ 27. Kh1 Qxf6 28. Nxd5 
Bxf3+ 29. P@g2 Bxd5 30. P@g7+ Qxg7 
{VABORIS resigns} 0-1

[Event "fics rated crazyhouse match"]
[Site "fics, Oklahoma City, OK USA"]
[Date "2000.11.30"]
[White "Fudpucker"]
[WhiteElo "2204"]
[Black "VABORIS"]
[BlackElo "2307"]
[TimeControl "60+0"]
[Result "0-1"]

1. e4 e6 2. Nc3 Nc6 3. d4 Bb4 4. Nf3 Nf6 5. Bd3 d5 6. e5 
Ne4 7. Bd2 Nxf2 8. Kxf2 Nxd4 9. Bg5 P@e3+ 10. Kxe3 Bc5 11. Bb5+ Nxb5+ 
12. P@d4 Nxc3 13. bxc3 N@c4+ 14. Kf2 B@e3+ 15. Bxe3 Nxe3 16. Kxe3 B@h6+ 17. B@g5 
Bxg5+ 18. Nxg5 Qxg5+ 19. B@f4 N@c4+ 20. Kf3 B@e4+ 21. Kf2 Qxg2+ 22. Ke1 P@f2+ 
23. Ke2 f1=Q# 
{Fudpucker checkmated} 0-1

[Event "fics rated crazyhouse match"]
[Site "fics, Oklahoma City, OK USA"]
[Date "2000.11.30"]
[White "VABORIS"]
[WhiteElo "2313"]
[Black "Fudpucker"]
[BlackElo "2198"]
[TimeControl "60+0"]
[Result "1-0"]

1. e4 e6 2. d4 Nc6 3. Be3 Nf6 4. Bd3 d6 5. Nc3 Be7 6. Nf3 
O-O 7. e5 Nd5 8. Nxd5 exd5 9. Bxh7+ Kh8 10. Bd3 Bg4 11. P@h6 gxh6 
12. Bxh6 P@g7 13. Bxg7+ Kxg7 14. P@h3 Bh5 15. P@g4 Bg6 16. N@f5+ Kh7 17. Nxe7 
Qxe7 18. B@f6 Qe8 19. Bxg6+ fxg6 20. Ng5+ Kg8 21. B@h7# 
{Fudpucker checkmated} 1-0

[Event "fics rated crazyhouse match"]
[Site "fics, Oklahoma City, OK USA"]
[Date "2000.11.30"]
[White "Fudpucker"]
[WhiteElo "2193"]
[Black "VABORIS"]
[BlackElo "2318"]
[TimeControl "60+0"]
[Result "1-0"]

1. e4 e6 2. d4 Nc6 3. Nf3 Nf6 4. Bd3 d5 5. e5 Ne4 6. O-O 
Be7 7. Re1 O-O 8. Rxe4 dxe4 9. Bxe4 f5 10. exf6 Bxf6 11. P@e5 Nxe5 
12. Nc3 Ng4 13. Bxh7+ Kxh7 14. N@g5+ Kh8 15. P@e5 B@g6 16. exf6 gxf6 17. Nge4 
P@b4 18. P@g5 bxc3 19. Nxf6 Nxf6 20. gxf6 Qxf6 21. B@e5 P@g7 22. Bxf6 gxf6 
23. P@h6 R@h7 24. Nh4 Bf7 25. N@g6+ Kg8 26. Nxf8 cxb2 27. R@g7+ Rxg7 28. hxg7 
Kxg7 29. Q@h6+ Kg8 30. R@h8# 
{VABORIS checkmated} 1-0

[Event "fics rated crazyhouse match"]
[Site "fics, Oklahoma City, OK USA"]
[Date "2000.11.30"]
[White "VABORIS"]
[WhiteElo "2307"]
[Black "Fudpucker"]
[BlackElo "2204"]
[TimeControl "60+0"]
[Result "1-0"]

1. e4 e6 2. d4 Nc6 3. Be3 Nf6 4. Bd3 d6 5. Nc3 Be7 6. Nf3 
O-O 7. e5 Ng4 8. Bxh7+ Kxh7 9. Ng5+ Bxg5 10. Qxg4 Bxe3 11. fxe3 B@h6 
12. B@f4 B@g5 13. Bxg5 Qxg5 14. Qxg5 Bxg5 15. P@f4 B@f2+ 16. Kf1 Bxe3 17. N@h3 
Bexf4 18. B@g3 N@e3+ 19. Kg1 Bxg3 20. hxg3 B@g4 21. Nxg5+ Kg6 22. B@e4+ f5 
23. Q@h7+ Kxg5 24. B@f4# 
{Fudpucker checkmated} 1-0

[Event "fics rated crazyhouse match"]
[Site "fics, Oklahoma City, OK USA"]
[Date "2000.11.30"]
[White "Fudpucker"]
[WhiteElo "2198"]
[Black "VABORIS"]
[BlackElo "2313"]
[TimeControl "60+0"]
[Result "1-0"]

1. e4 Nf6 2. Nc3 d5 3. exd5 Nxd5 4. d4 e6 5. Nf3 Bb4 6. Bd2 
Bxc3 7. bxc3 N@e4 8. P@b2 P@e3 9. fxe3 O-O 10. Bd3 f5 11. Ne5 Qh4+ 
12. B@g3 Nxg3 13. P@f2 Nxh1 14. Qf3 R@g1+ 15. Bf1 Nxf2 16. Qxf2 Qxf2+ 17. Kxf2 
B@h4+ 18. N@g3 Bxg3+ 19. hxg3 N@e4+ 20. Ke2 Q@f2+ 21. Kd3 P@c4+ 22. Kxc4 b5+ 
23. Kxb5 Rxf1 24. P@f7+ Rxf7 25. Q@e8+ Rf8 26. P@f7+ Kh8 27. Qxf8# 
{VABORIS resigns} 1-0

[Event "fics rated crazyhouse match"]
[Site "fics, Oklahoma City, OK USA"]
[Date "2000.11.30"]
[White "VABORIS"]
[WhiteElo "2302"]
[Black "Fudpucker"]
[BlackElo "2209"]
[TimeControl "60+0"]
[Result "1-0"]

1. e4 e6 2. d4 Nc6 3. Be3 Nf6 4. Bd3 d6 5. Nc3 Be7 6. Nf3 
O-O 7. e5 Ng4 8. Bxh7+ Kxh7 9. Ng5+ Bxg5 10. Qxg4 Bxe3 11. fxe3 B@h6 
12. B@f4 B@g5 13. O-O dxe5 14. dxe5 Nxe5 15. Bxe5 Bxe3+ 16. P@f2 P@f5 17. Qg3 
P@f4 18. Qh3 P@g4 19. Qh5 Bd4 20. Bxf4 Bxc3 21. N@g5+ Kh8 22. bxc3 N@e2+ 
23. Kh1 Nxf4 24. Qxh6+ gxh6 25. B@e5+ B@f6 26. P@g7+ Bxg7 27. Bxg7+ Kxg7 28. B@e5+ 
B@f6 29. Bxf4 Bxg5 30. N@h5+ Kg6 31. Bxg5 Qxg5 32. N@e5+ Kh7 33. P@g6+ fxg6 
34. B@f7 P@h3 35. B@g8+ Rxg8 36. Bxg8+ Kxg8 37. R@e8+ B@f8 38. Rxf8+ Kxf8 39. B@g7+ 
Ke8 
{Fudpucker forfeits on time} 1-0

[Event "fics rated crazyhouse match"]
[Site "fics, Oklahoma City, OK USA"]
[Date "2000.11.30"]
[White "Fudpucker"]
[WhiteElo "2203"]
[Black "VABORIS"]
[BlackElo "2308"]
[TimeControl "60+0"]
[Result "0-1"]

1. e4 Nf6 2. Nc3 e6 3. d4 Nc6 4. Nf3 Bb4 5. Bd3 d5 6. e5 
Ne4 7. Bd2 Nxf2 8. Kxf2 Nxd4 9. N@h5 Nxf3 10. Nxg7+ Kd7 11. Qxf3 P@f5 
12. N@f6+ Kc6 13. Bb5+ Kb6 14. Na4+ Kxb5 15. Bxb4 B@d4+ 16. B@e3 Bxe5 17. Bc3 
Bxf6 18. Bxf6 Qxf6 19. Nc3+ Kc6 20. B@b5+ Kd6 21. P@c5+ Ke7 22. Nh5 B@h4+ 
23. g3 N@g4+ 24. Ke2 Nxe3 25. Nxf6 Bxf6 26. Qxe3 B@h5+ 27. Kd2 Bxc3+ 28. bxc3 
N@e4+ 29. Ke1 P@f2+ 30. Qxf2 Nxf2 31. P@d6+ cxd6 32. cxd6+ Kxd6 
{Fudpucker forfeits on time} 0-1

[Event "fics rated crazyhouse match"]
[Site "fics, Oklahoma City, OK USA"]
[Date "2000.11.30"]
[White "VABORIS"]
[WhiteElo "2314"]
[Black "Fudpucker"]
[BlackElo "2197"]
[TimeControl "60+0"]
[Result "0-1"]

1. e4 e6 2. d4 Nc6 3. Be3 Nf6 4. Bd3 d6 5. Nc3 Be7 6. Nf3 
O-O 7. O-O Ng4 8. Qe2 f5 9. exf5 exf5 10. d5 Nce5 11. P@e6 Nxd3 
12. cxd3 B@g6 13. h3 Nxe3 14. fxe3 c6 15. N@f7 Rxf7 16. exf7+ Bxf7 17. dxc6 
bxc6 18. P@e4 P@g4 19. exf5 gxf3 20. Rxf3 N@h4 21. P@e6 Nxf3+ 22. Qxf3 Bcxe6 
23. fxe6 Bxe6 24. P@f5 N@h4 25. Qf2 Nxf5 26. B@g4 P@g3 27. Qf1 P@f2+ 28. Qxf2 
gxf2+ 29. Kxf2 B@g3+ 30. Ke2 R@f2+ 31. Kd1 Q@d2# 
{VABORIS checkmated} 0-1

[Event "fics rated crazyhouse match"]
[Site "fics, Oklahoma City, OK USA"]
[Date "2000.11.30"]
[White "Fudpucker"]
[WhiteElo "2208"]
[Black "VABORIS"]
[BlackElo "2303"]
[TimeControl "60+0"]
[Result "1-0"]

1. e4 e6 2. d4 Nc6 3. Nf3 d5 4. exd5 exd5 5. Bb5 Bd7 6. Bxc6 
Bxc6 7. N@e5 B@h5 8. P@g4 Bg6 9. Nxc6 bxc6 10. Ne5 P@b7 11. O-O Nf6 
12. Bg5 Be7 13. Nc3 O-O 14. f4 N@e3 15. Qe2 Nxf1 16. Rxf1 c5 17. Bxf6 
Bxf6 18. g5 Bxe5 19. dxe5 B@d4+ 20. B@f2 Bxf2+ 21. Rxf2 B@d4 22. B@e1 Bxf2+ 
23. Bxf2 R@c1+ 24. B@e1 N@d4 25. Bxd4 cxd4 26. B@f6 B@e3+ 27. N@f2 Rxe1+ 28. Qxe1 
gxf6 29. N@h6+ Kh8 30. exf6 Bxf2+ 31. Qxf2 R@c1+ 32. N@f1 B@g7 33. fxg7+ Kxg7 
34. B@f6# 
{VABORIS forfeits on time} 1-0

[Event "fics rated crazyhouse match"]
[Site "fics, Oklahoma City, OK USA"]
[Date "2000.11.30"]
[White "Blackcomb"]
[WhiteElo "2139"]
[Black "JKiller"]
[BlackElo "2425"]
[TimeControl "180+0"]
[Result "0-1"]

1. e4 e6 2. d4 d5 3. exd5 exd5 4. Bb5+ c6 5. Be2 Nf6 6. Bg5 
Be7 7. Nc3 Be6 8. Nf3 Nbd7 9. O-O O-O 10. Ne5 h6 11. Bh4 P@g5 
12. Bg3 Ne4 13. Nxd7 Bxd7 14. N@e5 Nxc3 15. bxc3 N@e4 16. Qe1 Bf5 17. N@e3 
Be6 18. Bd3 Bf6 19. N5g4 Re8 20. Nxf6+ Nxf6 21. Be5 N@f4 22. Bxf6 gxf6 
23. P@g3 Nxd3 24. cxd3 B@g6 25. Qd2 Bef5 26. Nxf5 Bxf5 27. Rae1 B@e4 28. dxe4 
dxe4 29. B@h1 N@c4 30. Qc2 P@d3 31. Qd1 e3 32. fxe3 Nxe3 33. Rxe3 P@e2 
34. Rxe8+ Qxe8 35. Rxf5 exd1=Q+ 36. R@f1 Qe3+ 37. B@f2 N@e2# 
{Blackcomb checkmated} 0-1

[Event "fics rated crazyhouse match"]
[Site "fics, Oklahoma City, OK USA"]
[Date "2000.11.30"]
[White "JKiller"]
[WhiteElo "2428"]
[Black "Blackcomb"]
[BlackElo "2136"]
[TimeControl "180+0"]
[Result "1-0"]

1. e4 e6 2. d4 d5 3. exd5 exd5 4. Bb5+ c6 5. Be2 Nf6 6. Nf3 
Be7 7. Bf4 Nbd7 8. Nc3 P@c7 9. Ne5 O-O 10. P@g5 Ne4 11. Nxe4 dxe4 
12. h4 f6 13. Bc4+ Kh8 14. N@f7# 
{Blackcomb resigns} 1-0

[Event "fics rated crazyhouse match"]
[Site "fics, Oklahoma City, OK USA"]
[Date "2000.11.30"]
[White "Blackcomb"]
[WhiteElo "2133"]
[Black "JKiller"]
[BlackElo "2431"]
[TimeControl "180+0"]
[Result "0-1"]

1. e4 e6 2. d4 d5 3. exd5 exd5 4. Bb5+ c6 5. Be2 Ne7 6. Bf4 
Qa5+ 7. Nc3 Ng6 8. Bxb8 Rxb8 9. Nf3 Nf4 10. O-O P@h3 11. P@g3 hxg2 
12. gxf4 gxf1=Q+ 13. Qxf1 B@e4 14. N@e5 P@g4 15. Ng5 R@h1# 
{Blackcomb checkmated} 0-1

[Event "fics rated crazyhouse match"]
[Site "fics, Oklahoma City, OK USA"]
[Date "2000.11.30"]
[White "JKiller"]
[WhiteElo "2433"]
[Black "Blackcomb"]
[BlackElo "2131"]
[TimeControl "180+0"]
[Result "1-0"]

1. e4 e5 2. Nf3 Nc6 3. Bc4 Bc5 4. d3 Nf6 5. Nc3 O-O 6. Nd5 
Bxf2+ 7. Kxf2 Ng4+ 8. Kf1 d6 9. Qe2 Be6 10. c3 Na5 11. B@h4 P@e7 
12. Nxe7+ Qxe7 13. Bxe7 Bxc4 14. dxc4 N@f4 15. Bxf4 exf4 16. P@f6 gxf6 17. Bxf6 
Nxf6 18. N@h6+ Kh8 19. P@g7+ Kxg7 20. Nf5+ Kg6 21. Q@g5# 
{Blackcomb checkmated} 1-0

[Event "fics rated crazyhouse match"]
[Site "fics, Oklahoma City, OK USA"]
[Date "2000.11.30"]
[White "Blackcomb"]
[WhiteElo "2129"]
[Black "JKiller"]
[BlackElo "2435"]
[TimeControl "180+0"]
[Result "1-0"]

1. e4 e6 2. d4 d5 3. e5 c5 4. c3 Nc6 5. Nf3 cxd4 6. Nxd4 
Nxe5 7. Bf4 P@d6 8. Be2 Nf6 9. O-O Be7 10. Nd2 Ng6 11. Bg3 e5 
12. N4f3 O-O 13. c4 d4 14. P@g5 Ne8 15. Ne4 P@f5 16. Ned2 Bxg5 17. Nxg5 
Qxg5 18. Nf3 Qd8 19. b3 N@f4 20. B@g5 Nxe2+ 21. Qxe2 f6 22. B5h4 B@h5 
23. N@d2 P@e4 24. h3 exf3 25. Nxf3 e4 26. Nxd4 Bxe2 27. Nxe2 Nc7 28. B@h1 
Qe8 29. Bxd6 Ne6 30. Bdg3 f4 31. Bh2 f3 32. Ng3 N@d4 33. P@e2 Nxh4 
34. P@f5 Ng5 35. P@e3 Ndxf5 36. Nxf5 Bxf5 37. N@g3 Bxh3 38. exf3 
{JKiller forfeits on time} 1-0

[Event "fics rated crazyhouse match"]
[Site "fics, Oklahoma City, OK USA"]
[Date "2000.12.01"]
[White "VampireGod"]
[WhiteElo "2275"]
[Black "BarryWhite"]
[BlackElo "2458"]
[TimeControl "120+0"]
[Result "1-0"]

1. e4 e6 2. d4 d5 3. exd5 exd5 4. Nc3 Nc6 5. Nf3 Nf6 6. Bb5 
Bb4 7. O-O Bxc3 8. bxc3 P@h3 9. Re1+ Ne4 10. gxh3 Bxh3 11. P@d3 O-O 
12. dxe4 dxe4 13. Rxe4 Bf5 14. B@g5 N@h3+ 15. Kf1 Bxe4 16. Bxd8 Raxd8 17. N@h6+ 
gxh6 18. P@g7 Kxg7 19. Bxc6 R@h1+ 20. Kg2 N@f4+ 21. Bxf4 Nxf4+ 22. Kxh1 B@g2+ 
23. Kg1 Bgxf3 24. P@f6+ Kxf6 25. Q@e5+ Kg6 26. N@e7# 
{BarryWhite checkmated} 1-0

[Event "fics rated crazyhouse match"]
[Site "fics, Oklahoma City, OK USA"]
[Date "2000.12.01"]
[White "BarryWhite"]
[WhiteElo "2446"]
[Black "VampireGod"]
[BlackElo "2287"]
[TimeControl "120+0"]
[Result "1-0"]

1. e4 e5 2. Nf3 Nc6 3. Bc4 Bc5 4. O-O Nf6 5. d3 d6 6. Nc3 
Nd4 7. Nxd4 Bxd4 8. Ne2 Bg4 9. h3 Bxe2 10. Qxe2 O-O 11. B@e3 c6 
12. c3 Bb6 13. Bxb6 axb6 14. N@f5 d5 15. exd5 cxd5 16. P@e7 Qd7 17. exf8=Q+ 
Rxf8 18. B@g4 B@e6 19. Qxe5 N@g6 20. Qxf6 Bxf5 21. Qxf5 N@e2+ 22. Kh2 Qc7+ 
23. B@g3 Nxg3 24. fxg3 P@h4 25. P@f2 hxg3+ 26. fxg3 P@h4 27. N@h6+ Kh8 28. R@g8+ 
Rxg8 29. Nxf7+ Qxf7 30. Qxf7 hxg3+ 31. Kh1 R@h2+ 32. Kg1 P@f2+ 33. Rxf2 gxf2+ 
34. Kxf2 Rxg2+ 35. Kxg2 N@h4+ 36. Kf1 P@g2+ 37. Ke2 B@f1+ 38. Kd2 P@e3+ 39. Kc2 
N@b4+ 40. cxb4 g1=Q 41. Qxg8+ Kxg8 42. Q@e8+ R@f8 43. P@f7+ Kh8 44. R@g8+ Rxg8 
45. fxg8=Q# 
{VampireGod checkmated} 1-0

[Event "fics rated crazyhouse match"]
[Site "fics, Oklahoma City, OK USA"]
[Date "2000.12.01"]
[White "VampireGod"]
[WhiteElo "2282"]
[Black "BarryWhite"]
[BlackElo "2451"]
[TimeControl "120+0"]
[Result "0-1"]

1. e4 e6 2. d4 d5 3. exd5 exd5 4. Nf3 Nf6 5. Nc3 Bb4 6. Bb5+ 
c6 7. Bf4 Qe7+ 8. Qe2 P@e4 9. P@c7 Nbd7 10. Ne5 O-O 11. Nxd7 Bxd7 
12. Bxc6 Bxc6 13. P@h6 gxh6 14. Bxh6 N@f5 15. Bxf8 Rxf8 16. P@e5 Nd7 17. R@g4+ 
B@g6 18. a3 Bxc3+ 19. bxc3 B@h6 20. B@f6 Nxf6 21. exf6 Qxf6 22. N@h5 Qe7 
23. N@f6+ Kh8 24. Rg5 P@g7 25. Rxf5 Bxf5 26. c8=Q Bxc8 27. Ng4 P@d2+ 28. Kf1 
P@f3 29. gxf3 Bxg4 30. fxg4 B@f3 
{VampireGod resigns} 0-1

[Event "fics rated crazyhouse match"]
[Site "fics, Oklahoma City, OK USA"]
[Date "2000.12.01"]
[White "BarryWhite"]
[WhiteElo "2455"]
[Black "VampireGod"]
[BlackElo "2278"]
[TimeControl "120+0"]
[Result "0-1"]

1. e4 e6 2. d4 Nc6 3. Nf3 Nf6 4. Bd3 d5 5. exd5 exd5 6. Qe2+ 
P@e4 7. P@g5 Ng4 8. Bxe4 dxe4 9. Qxe4+ Be6 10. O-O B@d5 11. Qe2 Bxf3 
12. Qxf3 Nxd4 13. Qxb7 Bd5 14. B@a4+ P@b5 15. Bxb5+ Nxb5 16. Qxb5+ B@c6 17. Qe2+ 
Be7 18. f3 N@d4 19. Qd3 Bxf3 20. gxf3 Nxf3+ 21. Rxf3 P@f2+ 22. Rxf2 Qxd3 
{BarryWhite resigns} 0-1